[Event "FIDE WCCC Open-10 2024"]
[Site "Montesilvano"]
[Date "2024.11.18"]
[Round "4.1"]
[White "Annapureddy, Rheyansh Reddy"]
[Black "Ismailov, Omarbek"]
[Result "1/2-1/2"]
[ECO "B45"]
[WhiteElo "2122"]
[BlackElo "1625"]
[Annotator "RC"]
[PlyCount "75"]
[EventDate "2024.11.18"]
[EventType "swiss"]
[EventCountry "ITA"]
[SourceTitle "playchess.com"]
[Source "ChessBase"]
[SourceQuality "1"]
[TimeControl "5400+30"]

1. e4 c5 2. Nf3 Nc6 3. d4 cxd4 4. Nxd4 Nf6 5. Nc3 e6 6. Nxc6 bxc6 7. e5 Nd5 8. Ne4 Qc7 9. f4 a5 10. c4 Bb4+ 11. Kf2 Qb6+ 12. Kf3 f5 13. Nf2 Ne7 14. Be3 Bc5 15. Bxc5 Qxc5 16. Qd6 Qb6 17. Nd3 g5 18. fxg5 f4 19. Qc5 Qb7 20. Re1 Rf8 21. Re4 a4 22. Rxf4 Rxf4+ 23. Kxf4 Qc7 24. g4 Ra5 25. Qd6 Qa7 26. Ke4 Bb7 27. c5 Nd5 28. Be2 Ba6 29. Rf1 Ne7 30. g6 hxg6 31. Kd4 Qb7 32. Kc3 Bxd3 33. Bxd3 Nd5+ 34. Kc2 Ne3+ 35. Kc3 Nxf1 36. Bxg6+ Kd8 37. Qf8+ Kc7 38. Qd6+ 1/2-1/2

[Event "FIDE WCCC Open-10 2024"]
[Site "Montesilvano"]
[Date "2024.11.18"]
[Round "4.1"]
[White "Zhauynbay, Alimzhan"]
[Black "Sameh Mohamed, Abdalrahman"]
[Result "0-1"]
[ECO "C89"]
[WhiteElo "1953"]
[BlackElo "2238"]
[Annotator "RC"]
[PlyCount "58"]
[EventDate "2024.11.18"]
[EventType "swiss"]
[EventCountry "ITA"]
[SourceTitle "playchess.com"]
[Source "ChessBase"]
[SourceQuality "1"]
[TimeControl "5400+30"]

1. e4 e5 2. Nf3 Nc6 3. Bb5 a6 4. Ba4 Nf6 5. O-O Be7 6. Re1 b5 7. Bb3 O-O 8. c3 d5 9. exd5 Nxd5 10. Nxe5 Nxe5 11. Rxe5 c6 12. d4 Bd6 13. Re1 Qh4 14. g3 Qh3 15. Re4 g5 16. Bc2 f5 17. Re1 f4 18. Be4 fxg3 19. fxg3 Bxg3 20. Re2 Bg4 21. hxg3 Bxe2 22. Qxe2 Qxg3+ 23. Kh1 Rf2 24. Bxd5+ Kf8 25. Bf4 Qh3+ 26. Kg1 Rxe2 27. Bd6+ Kg7 28. Bxc6 Qe3+ 29. Kh1 Qc1# 0-1

[Event "FIDE WCCC Open-10 2024"]
[Site "Montesilvano"]
[Date "2024.11.18"]
[Round "4.2"]
[White "Shogdzhiev, Roman"]
[Black "Mulay, Vivan Prakash"]
[Result "1-0"]
[ECO "B81"]
[WhiteElo "2202"]
[BlackElo "1823"]
[Annotator "RC"]
[PlyCount "63"]
[EventDate "2024.11.18"]
[EventType "swiss"]
[EventCountry "ITA"]
[SourceTitle "playchess.com"]
[Source "ChessBase"]
[SourceQuality "1"]
[TimeControl "5400+30"]

1. e4 c5 2. Nf3 d6 3. d4 cxd4 4. Nxd4 Nf6 5. Nc3 a6 6. h3 e6 7. g4 b5 8. g5 Nfd7 9. a3 Bb7 10. Be3 Be7 11. h4 Nb6 12. Rg1 N8d7 13. h5 Ne5 14. g6 hxg6 15. hxg6 Nbc4 16. gxf7+ Kxf7 17. Rxg7+ Kxg7 18. Nxe6+ Kf7 19. Nxd8+ Raxd8 20. Qe2 Nxb2 21. Bd4 Bg5 22. Nxb5 axb5 23. Bxb2 Rh4 24. Qxb5 Rxe4+ 25. Kd1 Ba8 26. Bg2 d5 27. Bxe4 dxe4+ 28. Ke2 Rd2+ 29. Kf1 e3 30. Qxe5 Rxf2+ 31. Ke1 Bh4 32. Qh5+ 1-0

[Event "FIDE WCCC Open-10 2024"]
[Site "Montesilvano"]
[Date "2024.11.18"]
[Round "4.2"]
[White "Kalinichenko, German Yu"]
[Black "Chen, Chicheng Leon"]
[Result "0-1"]
[ECO "B87"]
[WhiteElo "1621"]
[BlackElo "1987"]
[Annotator "RC"]
[PlyCount "106"]
[EventDate "2024.11.18"]
[EventType "swiss"]
[EventCountry "ITA"]
[SourceTitle "playchess.com"]
[Source "ChessBase"]
[SourceQuality "1"]
[TimeControl "5400+30"]

1. e4 c5 2. Nf3 d6 3. d4 cxd4 4. Nxd4 Nf6 5. Nc3 a6 6. Bc4 e6 7. Bb3 b5 8. Be3 Be7 9. a3 O-O 10. Qe2 Bb7 11. f3 Nc6 12. O-O-O Na5 13. g4 Nd7 14. Bxe6 fxe6 15. Nxe6 Qe8 16. Nxf8 Qxf8 17. Nd5 Rc8 18. Nxe7+ Qxe7 19. h4 Ne5 20. Bd2 Nb3+ 21. Kb1 Rxc2 22. Qe3 Rxb2+ 23. Kxb2 Nc4+ 24. Kxb3 Nxe3 25. Bxe3 Qf7+ 26. Kb2 Qxf3 27. Rhe1 Bxe4 28. Rxd6 Qg2+ 29. Rd2 Qxg4 30. Rg1 Qf3 31. Bc5 Bd5 32. Rc2 Qb3+ 33. Kc1 Be4 34. Rgg2 Bxg2 35. Rxg2 Qc4+ 36. Rc2 Qxh4 37. Bb4 Qg4 38. Kb2 h5 39. Bc3 h4 40. Rh2 Qg3 41. Re2 h3 42. Be5 Qd3 43. Rh2 Qe3 44. Bc7 g5 45. Rc2 g4 46. Rh2 Kf7 47. Bb8 Ke8 48. Kc2 Kd7 49. Kd1 Kc8 50. Bd6 g3 51. Rxh3 Qd3+ 52. Ke1 Qxd6 53. Kf1 Qf4+ 0-1

[Event "FIDE WCCC Open-10 2024"]
[Site "Montesilvano"]
[Date "2024.11.18"]
[Round "4.3"]
[White "Zhu, Linxi"]
[Black "Tulegen, Ramazan"]
[Result "1/2-1/2"]
[ECO "C10"]
[WhiteElo "2100"]
[BlackElo "1818"]
[Annotator "ChessBase"]
[PlyCount "257"]
[EventDate "2024.11.18"]
[EventType "swiss"]
[EventCountry "ITA"]
[SourceTitle "playchess.com"]
[Source "ChessBase"]
[SourceQuality "1"]
[TimeControl "5400+30"]

1. e4 e6 2. d4 d5 3. Nc3 Be7 4. exd5 exd5 5. Bf4 Nf6 6. Bd3 O-O 7. Nge2 a6 8. O-O c5 9. dxc5 Bxc5 10. h3 Nc6 11. a3 Be6 12. Ng3 b5 13. Nce2 h6 14. Qd2 Re8 15. Rae1 Bf8 16. c3 Qd7 17. Bc2 Rac8 18. Qd3 Bd6 19. Qd2 Bf8 20. Nd4 Nxd4 21. cxd4 Ne4 22. Nxe4 dxe4 23. Bxe4 Bc4 24. Bd3 Bd5 25. Rxe8 Rxe8 26. Re1 Rxe1+ 27. Qxe1 Be7 28. Qe3 Bf6 29. Be5 Bg5 30. Qg3 f6 31. Bf4 Qc6 32. Bg6 Qc8 33. Kh2 Bf7 34. Bxf7+ Kxf7 35. Bxg5 hxg5 36. Qd3 Qc1 37. Qc3 Qf4+ 38. Kg1 Qe4 39. Qc7+ Kg6 40. Qc3 Kf7 41. b4 Ke6 42. Qc8+ Kf7 43. Qc3 Ke6 44. Qc5 Qe1+ 45. Kh2 Qe4 46. Qb6+ Ke7 47. Qc5+ Ke6 48. g3 Qf3 49. Kg1 Qe4 50. Qc8+ Ke7 51. Qc5+ Ke6 52. Qb6+ Ke7 53. Qa7+ Kd8 54. Qxg7 Qe1+ 55. Kg2 Qe4+ 56. Kh2 Qxd4 57. Qf8+ Kd7 58. Qf7+ Kd8 59. Kg1 Qd1+ 60. Kg2 Qd4 61. Qf8+ Kd7 62. Qa8 Qd6 63. Qb7+ Ke8 64. Qc8+ Kf7 65. Qc5 Qe6 66. Qc7+ Kg6 67. Qc2+ Kg7 68. Qd3 Kh6 69. Qf3 Qd6 70. Qe4 Qb6 71. Kf3 a5 72. Kg2 axb4 73. axb4 Qd6 74. Qf5 Qc6+ 75. Kh2 Kg7 76. Qg4 Qc4 77. Kg2 Qd5+ 78. Kh2 Qc4 79. Qxc4 bxc4 80. b5 c3 81. b6 c2 82. b7 c1=Q 83. b8=Q Qc5 84. Qb7+ Kg6 85. Kg2 Qd4 86. Qc6 Kg7 87. Qf3 Qb4 88. Qf5 Qb7+ 89. Kg1 Qb4 90. Qg4 Qb1+ 91. Kg2 Qb7+ 92. Qf3 Qb4 93. Kh2 Qd4 94. Qe2 Qb4 95. Qe6 Qb2 96. Qe7+ Kg6 97. Qe4+ Kg7 98. Kg2 Qb5 99. Qe7+ Kg6 100. Qe4+ Kg7 101. h4 gxh4 102. Qxh4 Qd5+ 103. Kh2 Qf3 104. Qd4 Qe2 105. Kg2 Qa6 106. Qd7+ Kg6 107. Qe8+ Kg7 108. Qe7+ Kg6 109. Qe4+ Kg7 110. g4 Qd6 111. Kh3 Qd1 112. Qg2 Qd3+ 113. f3 Qe3 114. Qg3 Qh6+ 115. Kg2 Qd2+ 116. Qf2 Qf4 117. Qe2 Qc1 118. Qe7+ Kg6 119. Qe2 Kg7 120. Qf2 Qd1 121. Kg3 Qd3 122. Qa7+ Kh6 123. Qf7 Qd4 124. Qf8+ Kh7 125. Qe7+ Kg8 126. Qe8+ Kg7 127. Qe7+ Kg8 128. Qe6+ Kg7 129. Qe7+ 1/2-1/2

[Event "FIDE WCCC Open-10 2024"]
[Site "Montesilvano"]
[Date "2024.11.18"]
[Round "4.3"]
[White "Yrysov, Timur"]
[Black "Mariani, Kim Paul"]
[Result "1/2-1/2"]
[ECO "B23"]
[WhiteElo "1604"]
[BlackElo "1814"]
[Annotator "NA RC"]
[PlyCount "80"]
[EventDate "2024.11.18"]
[EventType "swiss"]
[EventCountry "ITA"]
[SourceTitle "playchess.com"]
[Source "ChessBase"]
[SourceQuality "1"]
[TimeControl "5400+30"]

1. e4 c5 2. Nc3 e6 3. d4 cxd4 4. Qxd4 Nc6 5. Qd2 Bb4 6. a3 Ba5 7. b4 Bb6 8. Nb5 d5 9. exd5 exd5 10. Bb2 Nf6 11. Bd3 O-O 12. Ne2 a6 13. Nbd4 Re8 14. Nf5 Ne5 15. Nfg3 Neg4 16. O-O Ne3 17. Rfe1 Nfg4 18. Bd4 Bxd4 19. Nxd4 Nc4 20. Bxc4 dxc4 21. Rxe8+ Qxe8 22. h3 Nf6 23. Re1 Qf8 24. Qc3 b5 25. Qf3 Bd7 26. Nh5 Nxh5 27. Qxh5 Re8 28. Rxe8 Qxe8 29. Qe2 Qd8 30. Qe5 h6 31. Qd6 Qe8 32. Nf3 Bf5 33. c3 Be4 34. Qf4 Bd3 35. Qe3 Qd8 36. Nd4 Qf6 37. Qe8+ Kh7 38. Qe3 Qg6 39. Qg3 Qh5 40. Qf3 Qg5 1/2-1/2

[Event "FIDE WCCC Open-10 2024"]
[Site "Montesilvano"]
[Date "2024.11.18"]
[Round "4.4"]
[White "Advik Amit Agrawal"]
[Black "Zhou, Guoyu"]
[Result "1-0"]
[ECO "C47"]
[WhiteElo "1982"]
[BlackElo "1809"]
[Annotator "RC"]
[PlyCount "111"]
[EventDate "2024.11.18"]
[EventType "swiss"]
[EventCountry "ITA"]
[SourceTitle "playchess.com"]
[Source "ChessBase"]
[SourceQuality "1"]
[TimeControl "5400+30"]

1. e4 e5 2. Nf3 Nc6 3. Nc3 Nf6 4. d4 exd4 5. Nxd4 Bb4 6. Nxc6 bxc6 7. Bd3 d5 8. exd5 cxd5 9. O-O O-O 10. Bg5 c6 11. Qf3 h6 12. Bxf6 Qxf6 13. Qxf6 gxf6 14. Ne2 Bc5 15. Ng3 Rb8 16. b3 Bd4 17. Rad1 Bc3 18. Ne2 Ba5 19. Nd4 Bd7 20. Bf5 Bxf5 21. Nxf5 Kh7 22. Rd3 Rbe8 23. Rh3 Kg6 24. g4 Rh8 25. Ng3 Bc7 26. f4 Re3 27. Kg2 Rhe8 28. Rf2 c5 29. Rh5 Kh7 30. Rxd5 c4 31. Nh5 Bd8 32. Rd7 Kg8 33. bxc4 R3e6 34. c5 Rc6 35. Rxa7 Rxc5 36. Ra8 Kf8 37. Rd2 Be7 38. Rxe8+ Kxe8 39. Ng7+ Kf8 40. Nf5 h5 41. Nxe7 Kxe7 42. h3 hxg4 43. hxg4 Rc4 44. Kf3 Rc3+ 45. Ke4 Rc4+ 46. Ke3 Rc3+ 47. Kd4 Rg3 48. c4 Kd6 49. c5+ Kc6 50. Kc4 Rxg4 51. Rd6+ Kc7 52. Rxf6 Rg2 53. Rxf7+ Kc6 54. Rf6+ Kc7 55. a4 Ra2 56. Kb3 1-0

[Event "FIDE WCCC Open-10 2024"]
[Site "Montesilvano"]
[Date "2024.11.18"]
[Round "4.4"]
[White "Novac, Daniil"]
[Black "Kovacs, Balazs"]
[Result "0-1"]
[ECO "D94"]
[WhiteElo "1594"]
[BlackElo "1871"]
[Annotator "NA RC"]
[PlyCount "52"]
[EventDate "2024.11.18"]
[EventType "swiss"]
[EventCountry "ITA"]
[SourceTitle "playchess.com"]
[Source "ChessBase"]
[SourceQuality "1"]
[TimeControl "5400+30"]

1. Nf3 Nf6 2. d4 g6 3. c4 Bg7 4. Nc3 d5 5. e3 O-O 6. cxd5 Nxd5 7. Bc4 Nxc3 8. bxc3 c5 9. O-O Qc7 10. Qe2 Bg4 11. Bb3 cxd4 12. cxd4 e5 13. dxe5 Bxe5 14. Ba3 Bxh2+ 15. Kh1 Bd6 16. Bxd6 Qxd6 17. Rfd1 Qf6 18. Rac1 Nc6 19. Bd5 Ne5 20. Qb2 Bxf3 21. Bxf3 Qh4+ 22. Kg1 Nxf3+ 23. gxf3 b6 24. Rd4 Qf6 25. Rcd1 Qxf3 26. Rf4 Qxd1+ 0-1

[Event "FIDE WCCC Open-10 2024"]
[Site "Montesilvano"]
[Date "2024.11.18"]
[Round "4.5"]
[White "Nguyen Truong An Khang"]
[Black "Anand, Tsogtbileg"]
[Result "0-1"]
[ECO "D41"]
[WhiteElo "1836"]
[BlackElo "1974"]
[Annotator "RC"]
[PlyCount "72"]
[EventDate "2024.11.18"]
[EventType "swiss"]
[EventCountry "ITA"]
[SourceTitle "playchess.com"]
[Source "ChessBase"]
[SourceQuality "1"]
[TimeControl "5400+30"]

1. d4 Nf6 2. c4 e6 3. Nc3 d5 4. cxd5 Nxd5 5. e4 Nxc3 6. bxc3 c5 7. Nf3 cxd4 8. cxd4 Bb4+ 9. Bd2 Bxd2+ 10. Qxd2 O-O 11. Bc4 b6 12. O-O Bb7 13. Rfe1 Nc6 14. Rac1 Rc8 15. Qe3 Qe7 16. Red1 Rfd8 17. h4 Rc7 18. Bb3 Na5 19. g3 Nxb3 20. axb3 Rdc8 21. Ne5 f6 22. Nd3 Rc3 23. Rxc3 Rxc3 24. Qf4 Qd8 25. Qg4 f5 26. Qf4 Bxe4 27. Ne5 Bb7 28. d5 Bxd5 29. Qb4 Rc2 30. Nc4 f4 31. Na3 Ra2 32. Nb5 fxg3 33. Nc3 gxf2+ 34. Kf1 Bg2+ 35. Kxg2 f1=Q+ 36. Kxf1 Qf6+ 0-1

[Event "FIDE WCCC Open-10 2024"]
[Site "Montesilvano"]
[Date "2024.11.18"]
[Round "4.5"]
[White "Pierloot, Siebe"]
[Black "Neuschild, Marius"]
[Result "0-1"]
[ECO "B87"]
[WhiteElo "1573"]
[BlackElo "1786"]
[Annotator "NA RC"]
[PlyCount "60"]
[EventDate "2024.11.18"]
[EventType "swiss"]
[EventCountry "ITA"]
[SourceTitle "playchess.com"]
[Source "ChessBase"]
[SourceQuality "1"]
[TimeControl "5400+30"]

1. e4 c5 2. Nf3 d6 3. d4 cxd4 4. Nxd4 Nf6 5. Nc3 a6 6. Bc4 e6 7. O-O b5 8. Bb3 Be7 9. Be3 O-O 10. a3 Bb7 11. f3 Nbd7 12. Qe2 Nc5 13. Ba2 Rc8 14. Nb3 Ncd7 15. Nd4 Qc7 16. Qf2 Rfe8 17. Qg3 Ne5 18. Nde2 Nc4 19. Bxc4 Qxc4 20. Bh6 Bf8 21. Rad1 a5 22. Rd4 Qc5 23. b4 axb4 24. axb4 Qb6 25. Kh1 Rxc3 26. Nxc3 Qxd4 27. Nxb5 Qc4 28. Rd1 Qxb5 29. c3 Rc8 30. h3 Qe5 0-1

[Event "FIDE WCCC Open-10 2024"]
[Site "Montesilvano"]
[Date "2024.11.18"]
[Round "4.6"]
[White "Ramesan, Raunak Amit"]
[Black "Llari, Marc"]
[Result "0-1"]
[ECO "C56"]
[WhiteElo "1802"]
[BlackElo "2201"]
[Annotator "RC"]
[PlyCount "66"]
[EventDate "2024.11.18"]
[EventType "swiss"]
[EventCountry "ITA"]
[SourceTitle "playchess.com"]
[Source "ChessBase"]
[SourceQuality "1"]
[TimeControl "5400+30"]

1. e4 e5 2. Nf3 Nc6 3. Bc4 d6 4. d4 Nf6 5. dxe5 dxe5 6. Qxd8+ Nxd8 7. O-O Bd6 8. Re1 c6 9. a4 Be6 10. Bxe6 Nxe6 11. Nbd2 Nd7 12. Nc4 Bc7 13. Be3 f6 14. a5 Ke7 15. b4 b5 16. Ncd2 c5 17. c3 a6 18. Rec1 Rhc8 19. Ne1 Bd6 20. Nd3 Nf4 21. Bxf4 exf4 22. bxc5 Nxc5 23. Nb4 Kf7 24. Nd5 Rab8 25. f3 Be5 26. Rab1 Na4 27. c4 Bb2 28. Rc2 bxc4 29. Nb6 Bd4+ 30. Kf1 Nxb6 31. axb6 c3 32. b7 Rc5 33. Nb3 Rxb7 0-1

[Event "FIDE WCCC Open-10 2024"]
[Site "Montesilvano"]
[Date "2024.11.18"]
[Round "4.6"]
[White "Youn, Laeho"]
[Black "Prokhorov, Makar"]
[Result "1-0"]
[ECO "B20"]
[WhiteElo "1520"]
[BlackElo "1771"]
[Annotator "NA RC"]
[PlyCount "62"]
[EventDate "2024.11.18"]
[EventType "swiss"]
[EventCountry "ITA"]
[SourceTitle "playchess.com"]
[Source "ChessBase"]
[SourceQuality "1"]
[TimeControl "5400+30"]

1. e4 c5 2. a3 g6 3. b4 Bg7 4. Nc3 d6 5. Bb2 Nf6 6. Rb1 Nc6 7. Bb5 O-O 8. Bxc6 bxc6 9. bxc5 dxc5 10. e5 Ng4 11. f4 f6 12. h3 Nh6 13. Nf3 fxe5 14. fxe5 Nf5 15. Ne4 Ba6 16. Nxc5 Ng3 17. Rg1 Be2 18. Qc1 Rb8 19. Nd4 Qd5 20. Nxe2 Qxg2 21. Nxg3 Qxg1+ 22. Ke2 Rf2+ 23. Kd3 Qxg3+ 24. Kc4 Qf4+ 25. Bd4 Rb7 26. Rxb7 Bxe5 27. Ne6 Qe4 28. Qb1 Qxc2+ 29. Bc3 Qa4+ 30. Bb4 Qc2+ 31. Bc3 Qa4+ 1-0

[Event "FIDE WCCC Open-10 2024"]
[Site "Montesilvano"]
[Date "2024.11.18"]
[Round "4.7"]
[White "Kolodziejczyk, Boris"]
[Black "Nguyen, Huynh Minh Huy"]
[Result "1-0"]
[ECO "B40"]
[WhiteElo "2115"]
[BlackElo "2423"]
[Annotator "RC"]
[PlyCount "89"]
[EventDate "2024.11.18"]
[EventType "swiss"]
[EventCountry "ITA"]
[SourceTitle "playchess.com"]
[Source "ChessBase"]
[SourceQuality "1"]
[TimeControl "5400+30"]

1. e4 c5 2. Nf3 Nf6 3. d3 d5 4. e5 Nfd7 5. Qe2 e6 6. g3 Nc6 7. Bg2 g6 8. O-O Bg7 9. Bf4 O-O 10. c4 Re8 11. Nc3 a6 12. Rfe1 Nd4 13. Qd2 dxc4 14. Nxd4 cxd4 15. Nb1 cxd3 16. Na3 f6 17. exf6 Bxf6 18. Qxd3 e5 19. Bd2 Nf8 20. Qb3+ Kg7 21. Nc4 Rb8 22. Ba5 Qd7 23. Rac1 b5 24. Nb6 Qf7 25. Nd5 Bd8 26. Bb4 Re6 27. Bh3 a5 28. Bxf8+ Kxf8 29. Qc2 Bd7 30. Bxe6 Qxe6 31. Nf4 Qd6 32. Nd3 Rc8 33. Qe2 Rxc1 34. Rxc1 Bf6 35. Re1 Bc6 36. Nxe5 Bxe5 37. Qxe5 Qxe5 38. Rxe5 Kf7 39. Rc5 Bf3 40. Kf1 b4 41. Rxa5 Ke6 42. Ke1 Bd5 43. a3 bxa3 44. bxa3 Ke5 45. Kd2 1-0

[Event "FIDE WCCC Open-10 2024"]
[Site "Montesilvano"]
[Date "2024.11.18"]
[Round "4.7"]
[White "Kaloh, Edvard"]
[Black "Sander, Tino"]
[Result "1-0"]
[ECO "C54"]
[WhiteElo "1506"]
[BlackElo "1736"]
[Annotator "NA RC"]
[PlyCount "115"]
[EventDate "2024.11.18"]
[EventType "swiss"]
[EventCountry "ITA"]
[SourceTitle "playchess.com"]
[Source "ChessBase"]
[SourceQuality "1"]
[TimeControl "5400+30"]

1. e4 e5 2. Nf3 Nc6 3. Bc4 Bc5 4. c3 Nf6 5. d3 a6 6. Bb3 O-O 7. O-O d5 8. exd5 Nxd5 9. Re1 Re8 10. d4 Ba7 11. Nxe5 Nxe5 12. Rxe5 Rxe5 13. dxe5 Be6 14. c4 Nb6 15. Qxd8+ Rxd8 16. Bg5 Rd4 17. Nd2 Nxc4 18. Nxc4 Bxc4 19. Be3 Re4 20. Bxa7 Bxb3 21. axb3 Rxe5 22. Rd1 h6 23. Bb8 Rc5 24. Kf1 Rc2 25. Rd8+ Kh7 26. Rd7 Rxb2 27. Bxc7 Rxb3 28. Rxf7 b5 29. Be5 Kg6 30. Rxg7+ Kf5 31. f4 b4 32. g4+ Ke4 33. Kf2 a5 34. Rd7 Rf3+ 35. Ke2 Re3+ 36. Kd2 b3 37. Rd4+ Kf3 38. Rd3 Rxd3+ 39. Kxd3 Kxg4 40. Kc3 a4 41. Kb4 h5 42. Kxa4 b2 43. Bxb2 Kxf4 44. Kb4 h4 45. Kc4 Ke4 46. Bd4 Kf3 47. Kd3 h3 48. Be5 Kg2 49. Ke3 Kh1 50. Kf3 Kg1 51. Kg3 Kf1 52. Kxh3 Kf2 53. Kg4 Ke3 54. h4 Ke4 55. h5 Kxe5 56. Kg5 Ke6 57. Kg6 Ke7 58. Kg7 1-0

[Event "FIDE WCCC Open-10 2024"]
[Site "Montesilvano"]
[Date "2024.11.18"]
[Round "4.8"]
[White "Nguyen Quang Anh"]
[Black "Deepak Ambattu, Rithvik"]
[Result "1-0"]
[ECO "D87"]
[WhiteElo "1889"]
[BlackElo "2063"]
[Annotator "RC"]
[PlyCount "65"]
[EventDate "2024.11.18"]
[EventType "swiss"]
[EventCountry "ITA"]
[SourceTitle "playchess.com"]
[Source "ChessBase"]
[SourceQuality "1"]
[TimeControl "5400+30"]

1. d4 Nf6 2. c4 g6 3. Nc3 d5 4. cxd5 Nxd5 5. e4 Nxc3 6. bxc3 Bg7 7. Bc4 c5 8. Ne2 Nc6 9. Be3 O-O 10. O-O b6 11. Rc1 Bb7 12. h4 e5 13. dxc5 Qxh4 14. Bd5 bxc5 15. Rb1 Qe7 16. Rb5 Qc7 17. Bxc5 Rfc8 18. f4 Nd8 19. Bb3 Qc6 20. a4 Qxe4 21. Rf2 Ne6 22. Bd6 exf4 23. Qf1 g5 24. Bxe6 fxe6 25. Rxg5 h6 26. Rg4 e5 27. Rf3 Qf5 28. Rfg3 Kh8 29. Rxg7 Qe4 30. Re7 Rf8 31. Bxe5+ Qxe5 32. Rxe5 fxg3 33. Rf5 1-0

[Event "FIDE WCCC Open-10 2024"]
[Site "Montesilvano"]
[Date "2024.11.18"]
[Round "4.8"]
[White "Orsi, Andrea"]
[Black "Vydra, David"]
[Result "1-0"]
[ECO "B92"]
[WhiteElo "1728"]
[BlackElo "1615"]
[Annotator "NA RC"]
[PlyCount "115"]
[EventDate "2024.11.18"]
[EventType "swiss"]
[EventCountry "ITA"]
[SourceTitle "playchess.com"]
[Source "ChessBase"]
[SourceQuality "1"]
[TimeControl "5400+30"]

1. e4 c5 2. Nf3 d6 3. d4 cxd4 4. Nxd4 Nf6 5. Nc3 a6 6. Be2 e5 7. Nf3 Be7 8. Bg5 Nc6 9. Bxf6 Bxf6 10. Qd2 O-O 11. Rd1 Be6 12. O-O Rc8 13. a3 Qc7 14. Qxd6 Qb6 15. Na4 Qa5 16. b3 Rfd8 17. Qc5 b5 18. Nb6 Be7 19. Qe3 Rb8 20. Rxd8+ Rxd8 21. b4 Nxb4 22. axb4 Qxb4 23. c3 Qa3 24. Nd5 Bc5 25. Qd3 Qa5 26. Nxe5 Rd6 27. Rd1 f6 28. Nf3 Qd8 29. c4 bxc4 30. Qxc4 Rc6 31. Qa4 Bxd5 32. exd5 Rd6 33. Bxa6 Kf7 34. Bc4 Qb6 35. Qb5 Bxf2+ 36. Kf1 Qe3 37. Qb7+ Kg6 38. Qb1+ Kf7 39. Qd3 Qb6 40. Nd4 Qb2 41. Qd2 Bxd4 42. Qxd4 Qxd4 43. Rxd4 Ke7 44. Bb5 Rb6 45. Bc6 Kd6 46. Re4 Rb1+ 47. Kf2 Rb2+ 48. Kf3 Rb3+ 49. Re3 Rb2 50. Re6+ Kc7 51. Re7+ Kd6 52. Rxg7 h5 53. Kf4 Rf2+ 54. Kg3 Ra2 55. Rf7 Ke5 56. Re7+ Kd6 57. Re6+ Kc7 58. Rxf6 1-0

[Event "FIDE WCCC Open-10 2024"]
[Site "Montesilvano"]
[Date "2024.11.18"]
[Round "4.9"]
[White "Anetov, Amirzhan"]
[Black "Shangin, Lev"]
[Result "1/2-1/2"]
[ECO "B86"]
[WhiteElo "1767"]
[BlackElo "2056"]
[Annotator "RC"]
[PlyCount "163"]
[EventDate "2024.11.18"]
[EventType "swiss"]
[EventCountry "ITA"]
[SourceTitle "playchess.com"]
[Source "ChessBase"]
[SourceQuality "1"]
[TimeControl "5400+30"]

1. e4 c5 2. Nf3 d6 3. d4 cxd4 4. Nxd4 Nf6 5. Nc3 a6 6. Bc4 e6 7. Bb3 Be7 8. Bg5 Qb6 9. Be3 Qc7 10. g4 h6 11. Qe2 Nc6 12. Nxc6 bxc6 13. O-O-O d5 14. a3 Rb8 15. h4 d4 16. Bxd4 e5 17. Be3 Nxg4 18. Rhg1 h5 19. f3 Nxe3 20. Qxe3 g6 21. f4 exf4 22. Qd4 Rf8 23. Qg7 Bg4 24. Ba4 Rb5 25. Bxb5 axb5 26. Rd2 Bc5 27. Rgg2 f3 28. Rh2 Qf4 29. Nd1 Bg1 30. Rh1 Bb6 31. Qc3 Ke7 32. Qb4+ c5 33. Qxb5 Rd8 34. Rhh2 Bc7 35. Qxc5+ Kf6 36. Ne3 Rxd2 37. Rxd2 Kg7 38. Nd5 Qxe4 39. Qxc7 Qe1+ 40. Rd1 Qxd1+ 41. Kxd1 f2+ 42. Kd2 f1=Q 43. Qe5+ Kh7 44. Nf6+ Kh6 45. Qe3+ Kg7 46. Nxg4 hxg4 47. Qd4+ Kh7 48. Qxg4 Qf2+ 49. Kc3 Qc5+ 50. Qc4 Qe3+ 51. Kb4 f5 52. Qf7+ Kh6 53. h5 Kxh5 54. Qd5 Kg4 55. Qg2+ Qg3 56. Qe2+ Kg5 57. c4 f4 58. Qe5+ Kg4 59. c5 Qe3 60. Qf6 g5 61. c6 Qb6+ 62. Kc4 f3 63. Qd4+ Qxd4+ 64. Kxd4 f2 65. c7 f1=Q 66. c8=Q+ Kg3 67. Qc3+ Kh4 68. Kc5 Qf8+ 69. Kb5 g4 70. a4 g3 71. Qd4+ Kh3 72. Qd7+ Kh2 73. Qc7 Qf1+ 74. Kb4 Qe1+ 75. Ka3 Qe3+ 76. b3 Kg1 77. a5 g2 78. a6 Kf2 79. Qc2+ Qe2 80. Qf5+ Ke1 81. Qa5+ Kf2 82. Qf5+ 1/2-1/2

[Event "FIDE WCCC Open-10 2024"]
[Site "Montesilvano"]
[Date "2024.11.18"]
[Round "4.9"]
[White "Ostapenko, Volodymyr"]
[Black "Munoz Padilla, Andres"]
[Result "0-1"]
[ECO "B21"]
[WhiteElo "1720"]
[BlackElo "1604"]
[Annotator "NA RC"]
[PlyCount "105"]
[EventDate "2024.11.18"]
[EventType "swiss"]
[EventCountry "ITA"]
[SourceTitle "playchess.com"]
[Source "ChessBase"]
[SourceQuality "1"]
[TimeControl "5400+30"]

1. e4 c5 2. d4 cxd4 3. c3 dxc3 4. Nxc3 Nc6 5. Bc4 e6 6. Nf3 a6 7. O-O b5 8. Bb3 Bb7 9. Qe2 Nge7 10. Rd1 Ng6 11. Bg5 Be7 12. Bxe7 Qxe7 13. Rac1 O-O 14. e5 Na5 15. Bc2 Bxf3 16. Qxf3 Nxe5 17. Qg3 Ng6 18. Ne4 d5 19. Ng5 Qf6 20. b3 h6 21. Nh3 Rac8 22. Bxg6 Rxc1 23. Rxc1 Qxg6 24. Qc7 Nxb3 25. axb3 d4 26. Qd6 Qd3 27. g3 Qd2 28. Ra1 d3 29. Nf4 Qb2 30. Rd1 Qxb3 31. Rxd3 Qb1+ 32. Rd1 Qa2 33. Nd3 a5 34. Qe5 Qc2 35. Nb2 a4 36. Ra1 Qb3 37. Nd1 a3 38. Qd4 b4 39. Qe4 Rd8 40. Ne3 a2 41. Nc2 Qb1+ 42. Kg2 b3 43. Qh4 g5 44. Qxh6 Rd5 45. Ne3 Qxa1 46. Nxd5 exd5 47. Qxg5+ Qg7 48. Qd8+ Kh7 49. Qh4+ Qh6 50. Qd4 Qe6 51. Qh4+ Kg8 52. Qg5+ Qg6 53. Qe5 0-1

[Event "FIDE WCCC Open-10 2024"]
[Site "Montesilvano"]
[Date "2024.11.18"]
[Round "4.10"]
[White "Sahin, Yusuf Kerem"]
[Black "Tamiolakis, Grigorios"]
[Result "0-1"]
[ECO "D27"]
[WhiteElo "1720"]
[BlackElo "1591"]
[Annotator "NA"]
[PlyCount "79"]
[EventDate "2024.11.18"]
[EventType "swiss"]
[EventCountry "ITA"]
[SourceTitle "playchess.com"]
[Source "ChessBase"]
[SourceQuality "1"]
[TimeControl "5400+30"]

1. d4 d5 2. c4 dxc4 3. e3 e6 4. Bxc4 Nf6 5. Nf3 a6 6. a4 c5 7. O-O cxd4 8. Nxd4 Be7 9. Nc3 O-O 10. Qc2 Qc7 11. b3 Nc6 12. Rd1 Nxd4 13. Rxd4 b6 14. Bb2 Bb7 15. Rc1 Rfd8 16. Ne2 Qc6 17. f3 Rac8 18. Rh4 h6 19. Nd4 Qd7 20. Qf2 Nd5 21. Rg4 Nf6 22. Rh4 Nd5 23. Rh3 Nf6 24. Kh1 Nd5 25. Re1 Bf6 26. Qg3 Kh8 27. e4 Nc7 28. e5 Be7 29. Nf5 Bf8 30. Nd6 Rb8 31. Qf4 Re8 32. Rd1 Bd5 33. Bxd5 Nxd5 34. Qg3 Red8 35. Qh4 Kg8 36. Rg3 Kh7 37. Qe4+ Kh8 38. Qh4 Kh7 39. Ne4 Qe7 40. Rg5 0-1

[Event "FIDE WCCC Open-10 2024"]
[Site "Montesilvano"]
[Date "2024.11.18"]
[Round "4.10"]
[White "Burba, Mikita"]
[Black "Bolashakov, Nurali"]
[Result "0-1"]
[ECO "C42"]
[WhiteElo "1528"]
[BlackElo "2005"]
[Annotator "RC"]
[PlyCount "94"]
[EventDate "2024.11.18"]
[EventType "swiss"]
[EventCountry "ITA"]
[SourceTitle "playchess.com"]
[Source "ChessBase"]
[SourceQuality "1"]
[TimeControl "5400+30"]

1. e4 e5 2. Nf3 Nf6 3. Nxe5 d6 4. Nf3 Nxe4 5. d4 d5 6. Bd3 Be7 7. h3 O-O 8. O-O Bf5 9. Re1 Nd7 10. Bf4 Ndf6 11. c3 Re8 12. Qc2 c5 13. dxc5 Bxc5 14. Nd4 Bg6 15. Nd2 Nxd2 16. Qxd2 Ne4 17. Qd1 Qb6 18. Bxe4 Bxe4 19. Qd2 Rac8 20. Be3 Qg6 21. g3 Re5 22. Ne2 Qh5 23. Kh2 Qf3 24. Rg1 Bxe3 25. Qxe3 Qxe3 26. fxe3 Bg6 27. Nf4 Rxe3 28. Nxg6 hxg6 29. Rad1 Rce8 30. Rd2 f5 31. Rgg2 R8e5 32. Rgf2 Kf7 33. Kg2 g5 34. Rd4 R3e4 35. Rd3 Ke6 36. Rdd2 f4 37. g4 Re3 38. Rf3 R5e4 39. Rxe3 fxe3 40. Re2 Ke5 41. Re1 d4 42. cxd4+ Kxd4 43. Rd1+ Kc4 44. Kf3 e2 45. Re1 Kd3 46. a3 Rf4+ 47. Kg3 Rf1 0-1